 Dungeon Crawl Stone Soup version 0.24-a0-22-g2a401c0 (webtiles) character file.

Game seed: 6424233248086680302

6681 Amnesiac the Geomancer (level 10, -2/141 HPs)
             Began as a Demonspawn Earth Elementalist on Feb 2, 2019.
             Was a Believer of Vehumet.
             Slain by a hellwing (8 damage)
             ... on level 8 of the Dungeon.
             The game lasted 00:15:51 (7985 turns).

Amnesiac the Geomancer (DsEE)                       Turns: 7985, Time: 00:15:52

Health: -2/141     AC: 25    Str: 14    XL:     10   Next: 73%
Magic:  9/23       EV:  2    Int: 19    God:    Vehumet [**....]
Gold:   342        SH:  0    Dex: 14    Spells: 15/27 levels left

rFire    . . .     SeeInvis .   a - +2 dagger (drain)
rCold    . . .     Gourm    .   (no shield)
rNeg     + + +     Faith    +   (armour currently unavailable)
rPois    +         Spirit   .   (helmet currently unavailable)
rElec    .         Reflect  .   (cloak currently unavailable)
rCorr    .         Harm     .   (gloves currently unavailable)
MR       .....     NoTele   +   (boots unavailable)
Stlth    ..........             I - amulet of faith
HPRegen  0.33/turn              k - ring of wizardry
MPRegen  0.18/turn              (no ring)

@: berserking, tree-form, very slightly contaminated, invisible, very quick
A: repulsion field 1, foul stench 1, rot immunity
a: Renounce Religion


You were on level 8 of the Dungeon.
You worshipped Vehumet.
Vehumet was pleased with you.
You were very hungry.
You were a tree.
You visited 2 branches of the dungeon, and saw 9 of its levels.
You also visited: Sewer.

You collected 342 gold pieces.

Inventory:

Hand Weapons
 a - a +2 dagger of draining (weapon)
 b - a +0 blowgun
 N - a +2 hunting sling of flaming
Missiles
 e - 8 needles of paralysis
 v - 31 poisoned needles
 w - 189 stones (quivered)
 L - 5 throwing nets
 O - 84 sling bullets
Armour
 n - a +2 robe of magic resistance
 o - a +0 helmet (melded)
 r - a +0 cloak (melded)
 s - a +2 leather armour of poison resistance (melded)
Jewellery
 k - a ring of wizardry (left branch)
 t - an uncursed ring of protection from fire
 A - an uncursed amulet of rage
 E - an uncursed amulet of guardian spirit
 I - an amulet of faith (around neck)
 R - an uncursed ring of ice
Wands
 y - a wand of flame (35)
 Q - a wand of random effects (31)
Scrolls
 c - 7 scrolls of teleportation {!r}
 g - a scroll of enchant armour {!r, unknown}
 h - a scroll of immolation {!r, unknown}
 x - 3 scrolls of remove curse {!r}
 B - a scroll of enchant weapon {!r, unknown}
 G - 4 scrolls of magic mapping {!r}
 H - a scroll of amnesia {!r, unknown}
 J - a scroll of blinking {!r}
 K - a scroll of fear {!r}
Potions
 f - 2 potions of curing {!q}
 j - a potion of lignification {!q}
 p - 2 potions of invisibility {!q}
 q - a potion of haste {!q}
 u - a potion of flight {!q, unknown}
 D - 3 potions of might {!q}
 M - a potion of resistance {!q}
Comestibles
 d - 10 rations


   Skills:
 - Level 1.7 Dodging
 - Level 2.0 Stealth
 + Level 9.0 Spellcasting
 - Level 1.0 Transmutations
 * Level 12.3 Earth Magic


You had 15 spell levels left.
You knew the following spells:

 Your Spells              Type           Power        Failure   Level  Hunger
a - Sandblast             Erth           ######       1%          1    None
b - Passwall              Tmut/Erth      ####....     1%          2    None
d - Lee's Rapid Deconstr  Erth           ######....   1%          5    #####..
e - Petrify               Tmut/Erth      ####....     2%          4    ###....

Your spell library contained the following spells:

 Spells                   Type           Power        Failure   Level  Hunger
 Dazzling Spray           Conj/Hex       #.....       10%         3    None
 Stone Arrow              Conj/Erth      ####..       1%          3    None
 Animate Skeleton         Necr           N/A          3%          1    None
 Apportation              Tloc           #.....       3%          1    None
 Confusing Touch          Hex            #.....       3%          1    None
 Summon Small Mammal      Summ           #...         3%          1    None


Dungeon Overview and Level Annotations

Branches:
Dungeon (8/15)             Temple (1/1) D:4
   Lair: D:8-11

Altars:
Ashenzari
Cheibriados
Elyvilon
Fedhas
Hepliaklqana
Kikubaaqudgha
Nemelex Xobeh
Okawaru
Qazlal
Ru
Trog
Uskayaw
Vehumet
Wu Jian
Yredelemnul
The Shining One

Shops:
D:8 !

Annotations:
D:8 Maurice


Innate Abilities, Weirdness & Mutations

((You have claws for feet.))
You are surrounded by a mild repulsion field. (EV +2)
You may emit foul miasma when damaged in melee.
((You are mostly covered in sharp spines.))
You are immune to rotting.


Message History

You destroy the centaur warrior zombie!
Vehumet accepts your kill.
You feel your power returning.
Your Spellcasting skill increases to level 9!
Maurice shouts!
You barely miss the centaur warrior zombie.
The centaur warrior zombie is moderately damaged.
Maurice shouts!
You catch the helpless hellwing completely off-guard!
You hit the hellwing but do no damage.
Maurice shouts!
You catch the helpless hellwing completely off-guard!
You puncture the hellwing!
The hellwing is lightly wounded.
The centaur warrior zombie hits you.
* * * LOW HITPOINT WARNING * * *
You hit the hellwing but do no damage.
The hellwing is lightly wounded.
Maurice shouts!
The hellwing hits you but does no damage.
The hellwing hits you.
* * * LOW HITPOINT WARNING * * *
You hit the hellwing but do no damage.
The hellwing is lightly wounded.
Maurice shouts!
The centaur warrior zombie hits you but does no damage.
The hellwing hits you but does no damage. x2
You hit the hellwing.
The hellwing is moderately wounded.
Maurice shouts!
The centaur warrior zombie hits you but does no damage.
The hellwing hits you but does no damage.
The hellwing hits you.
* * * LOW HITPOINT WARNING * * *
The hellwing hits you but does no damage. x2
You hit the hellwing but do no damage.
The hellwing is moderately wounded.
Maurice shouts!
The centaur warrior zombie hits you but does no damage.
The hellwing hits you but does no damage. x2
You hit the hellwing.
The hellwing is moderately wounded.
The hellwing hits you.
* * * LOW HITPOINT WARNING * * *
The hellwing hits you but does no damage.
The centaur warrior zombie hits you but does no damage.
You completely miss the hellwing.
The hellwing is moderately wounded.
Maurice shouts!
The centaur warrior zombie hits you but does no damage.
You catch the helpless hellwing completely off-guard!
You hit the hellwing but do no damage.
The hellwing is moderately wounded.
Maurice shouts!
The hellwing hits you but does no damage.
The hellwing barely misses you.
You hit the hellwing.
The hellwing is moderately wounded.
The hellwing hits you but does no damage. x2
You catch the helpless hellwing completely off-guard!
You puncture the hellwing!
The hellwing is heavily wounded.
The hellwing hits you!
You die...

..Z.....5.......#
#....Z..)5.....#
#....g)†.g>....###
......###@5.##!..#
..##.## ##4.##...##
.....### #.####...#
#.#....###..# #.Z##
###.#.....)## ##@###
##..#......4###.♣4.#
##.#.#......4.###4##
........#...g..Z.g#
........#..##....##
........##.#......#
..................#
.##.##.###.......##
.####### #.#....##
### ####..##


You could see Maurice, 2 hellwings, a gnoll shaman and a centaur warrior zombie.

Vanquished Creatures
  Harold (D:7)
  A two-headed ogre (D:8)
  Pikel (D:7)
  Joseph (D:6)
  A hippogriff (D:6)
  Sigmund (D:3)
  2 sky beasts (D:7)
  A hornet zombie (D:8)
  Duvessa (D:7)
  An orc warrior (D:7)
  An ice beast (D:7)
  4 slaves (D:7)
  2 necrophages
  2 phantoms
  5 centaurs
  3 ogres
  4 big kobolds
  A bullfrog (D:6)
  A wyvern zombie (D:8)
  Dowan (D:7)
  A scorpion (D:5)
  4 wights (D:8)
  3 crimson imps
  A howler monkey (D:4)
  4 centaur zombies
  2 jellies
  2 hounds
  3 bullfrog skeletons
  An orc priest (D:5)
  5 orc wizards
  Ijyb (D:3)
  2 iguanas
  2 worker ants
  3 gnolls
  A river rat (Sewer)
  14 adders
  2 shadow imps
  2 oozes (Sewer)
  2 adder skeletons
  11 worms
  2 dart slugs
  3 leopard geckos
  14 orcs
  2 ball pythons
  4 bats
  2 giant cockroaches (D:3)
  5 goblins
  5 hobgoblins
  6 jackals
  2 quokkas (D:2)
  5 frilled lizards
  16 kobolds
  2 leopard gecko skeletons
  A leopard gecko zombie (D:5)
  11 rats
181 creatures vanquished.

Notes
Turn   | Place    | Note
-------+----------+-------------------------------------------
     0 | D:1      | Amnesiac the Demonspawn Earth Elementalist began the quest
                  | for the Orb.
     0 | D:1      | Reached XP level 1. HP: 13/13 MP: 3/3
   121 | D:1      | Reached skill level 3 in Earth Magic
   192 | D:1      | Gained mutation: You have sharp toenails. [demonic
                  | ancestry]
   192 | D:1      | Reached XP level 2. HP: 17/19 MP: 5/5
   247 | D:1      | Learned a level 2 spell: Passwall
   312 | D:2      | Reached skill level 1 in Transmutations
   461 | D:2      | Gained mutation: You are immune to rotting. [demonic
                  | ancestry]
   461 | D:2      | Reached XP level 3. HP: 16/24 MP: 4/6
  1130 | D:3      | Found a bloodstained altar of Trog.
  1180 | D:3      | Gained mutation: You have razor-sharp toenails. [demonic
                  | ancestry]
  1180 | D:3      | Reached XP level 4. HP: 20/30 MP: 1/8
  1181 | D:3      | Reached skill level 4 in Earth Magic
  1230 | D:3      | Noticed Ijyb
  1285 | D:3      | Found a glowing drain.
  1286 | Sewer    | Entered a sewer
  1406 | Sewer    | Noticed a big kobold
  1417 | Sewer    | Killed a big kobold
  1417 | Sewer    | Gained mutation: You have claws for feet. [demonic
                  | ancestry]
  1417 | Sewer    | Reached XP level 5. HP: 35/35 MP: 4/9
  1679 | Sewer    | Reached skill level 5 in Earth Magic
  1679 | Sewer    | Reached XP level 6. HP: 33/41 MP: 3/11
  1690 | Sewer    | Learned a level 5 spell: Lee's Rapid Deconstruction
  1695 | Sewer    | Learned a level 4 spell: Petrify
  2773 | D:4      | Found a staircase to the Ecumenical Temple.
  2795 | Temple   | Entered the Ecumenical Temple
  2801 | Temple   | Became a worshipper of Vehumet
  2816 | D:4      | Reached skill level 6 in Earth Magic
  2816 | D:4      | Gained mutation: You are partially covered in sharp spines.
                  | [demonic ancestry]
  2816 | D:4      | Reached XP level 7. HP: 42/46 MP: 2/13
  3401 | D:3      | Noticed Sigmund
  3419 | D:3      | Killed Sigmund
  3861 | D:3      | Killed Ijyb
  4033 | D:4      | Found a stormy altar of Qazlal.
  4075 | D:5      | Entered Level 5 of the Dungeon
  4114 | D:5      | Reached skill level 7 in Earth Magic
  4125 | D:5      | Reached skill level 5 in Spellcasting
  4587 | D:5      | Gained mutation: You are surrounded by a mild repulsion
                  | field. (EV +2) [demonic ancestry]
  4587 | D:5      | Reached XP level 8. HP: 33/52 MP: 15/15
  4677 | D:5      | Reached * piety under Vehumet
  4677 | D:5      | Offered knowledge of Flame Tongue by Vehumet.
  4677 | D:5      | Reached skill level 8 in Earth Magic
  5737 | D:7      | Noticed Duvessa
  5737 | D:7      | Noticed Dowan
  5751 | D:7      | Killed Duvessa
  5751 | D:7      | Reached skill level 9 in Earth Magic
  5752 | D:7      | Killed Dowan
  5807 | D:7      | Gained mutation: You may emit foul miasma when damaged in
                  | melee. [demonic ancestry]
  5807 | D:7      | Reached XP level 9. HP: 34/57 MP: 8/18
  6049 | D:7      | Found a snail-covered altar of Cheibriados.
  6114 | D:7      | Found a hide-covered altar of Uskayaw.
  6116 | D:7      | Noticed Harold
  6146 | D:7      | Killed Harold
  6146 | D:7      | Reached skill level 10 in Earth Magic
  6329 | D:7      | Noticed Joseph
  6724 | D:6      | Killed Joseph
  6913 | D:7      | Reached skill level 11 in Earth Magic
  6913 | D:7      | Gained mutation: You are mostly covered in sharp spines.
                  | [demonic ancestry]
  6913 | D:7      | Reached XP level 10. HP: 15/63 MP: 8/21
  6922 | D:7      | Reached ** piety under Vehumet
  6922 | D:7      | Offered knowledge of Freeze by Vehumet.
  7193 | D:7      | Noticed Pikel
  7203 | D:7      | Killed Pikel
  7813 | D:8      | Noticed a two-headed ogre
  7836 | D:8      | Killed a two-headed ogre
  7931 | D:8      | Found Kowarru's Distillery.
  7956 | D:8      | Reached skill level 12 in Earth Magic
  7957 | D:8      | Offered knowledge of Dazzling Spray by Vehumet.
  7959 | D:8      | Noticed Maurice
  7977 | D:8      | HP: 7/141 [hellwing (4)]
  7985 | D:8      | Slain by a hellwing

Vault maps used:
D:1:      tarquinn_simple_flora_water_a
D:2:      minmay_misc_feat_five, minivault_23
D:3:      lemuel_round_altar, gup_sewer_entry_bowl, uniq_ijyb, uniq_sigmund
D:4:      kennysheep_mini, minmay_temple_entry_grid, first_ration
D:7:      nicolae_overflow_hidden_temple, basic_altar, uniq_joseph, uniq_harold,
          uniq_pikel, uniq_duvessa
D:8:      cheibrodos_grave_circle, nicolae_overflow_crystal_walls, serial_shops,
          nicolae_shop_window_shopping, uniq_maurice
Temple:   nicolae_temple_x_marks_the_god
Sewer:    sewer_co_tree

Skill      XL: |  1  2  3  4  5  6  7  8  9 10 |
---------------+-------------------------------+-----
Stealth        | 2 |  2.0
Earth Magic    | 3 4 5 6 7 9 11 12 | 12.3
Transmutations | 1 |  1.0
Spellcasting   | 3 4 5 6 7 9 |  9.0
Dodging        | |  1.7

Action                   |  1- 3 |  4- 6 |  7- 9 | 10-12 || total
-------------------------+-------+-------+-------+-------++-------
Melee: Club              |    73 |       |       |       ||    73
       Kick              |    11 |    60 |    45 |     9 ||   125
       Dagger            |    16 |   209 |   200 |    56 ||   481
 Cast: Sandblast         |    21 |    28 |    26 |     1 ||    76
       Passwall          |       |     3 |       |     2 ||     5
       Lee's Rapid Decon |       |     2 |    11 |    16 ||    29
       Petrify           |       |       |     2 |       ||     2
  Use: Scroll            |     5 |       |       |     5 ||    10
       Potion            |       |       |       |     6 ||     6
 Stab: Sleeping          |     7 |     1 |     3 |       ||    11
       Petrified         |       |       |     9 |       ||     9
       Distracted        |       |       |     1 |       ||     1
       Invisible         |       |       |       |     4 ||     4
  Eat: Chunk             |     1 |     7 |    14 |     2 ||    24
       Ration            |       |       |     2 |       ||     2
Armor: Robe              |    24 |    49 |    10 |       ||    83
       Leather armour    |       |       |    50 |    19 ||    69
       Skin              |       |       |       |    18 ||    18
Dodge: Dodged            |    66 |   103 |    95 |    37 ||   301

Table legend:
 A = Non-vault XP
 B = Vault XP
 C = Vault XP percentage of total XP
 D = Non-vault monster count
 E = Vault monster count
 F = Vault count percentage of total count
                 A         B        C        D         E       F
            +---------+---------+-------+---------+---------+-------
      Total |    4846 |    4699 |  49.2 |     133 |      44 |  24.9
            +---------+---------+-------+---------+---------+-------
        D:1 |      41 |       0 |   0.0 |      17 |       0 |   0.0
        D:2 |      60 |       0 |   0.0 |      16 |       0 |   0.0
        D:3 |      88 |     272 |  75.6 |      18 |       5 |  21.7
        D:4 |     231 |       0 |   0.0 |      12 |       0 |   0.0
        D:5 |     828 |       0 |   0.0 |      25 |       0 |   0.0
        D:6 |     656 |     460 |  41.2 |       8 |       1 |  11.1
        D:7 |    1409 |    1905 |  57.5 |      19 |       4 |  17.4
        D:8 |    1533 |    1625 |  51.5 |      18 |       6 |  25.0
      Sewer |       0 |     437 | 100.0 |       0 |      28 | 100.0
            +---------+---------+-------+---------+---------+-------
